 Dungeon Crawl Stone Soup version 0.29.1-12-g30fa7ad0bf (webtiles) character file.

Game seed: 17227368274287852635

9460 JanusIIV the Basher (level 11, -3/73 HPs)
             Began as a Gargoyle Berserker on Dec 31, 2022.
             Was a High Priest of Trog.
             Slain by a wraith (9 damage)
             ... on level 9 of the Dungeon.
             The game lasted 00:29:46 (9979 turns).

JanusIIV the Basher (Gargoyle Berserker)            Turns: 9979, Time: 00:29:49

Health: -3/73      AC: 30    Str: 27    XL:     11   Next: 46%
Magic:  11/11      EV:  8    Int:  6    God:    Trog [*****.]
Gold:   1769       SH:  9    Dex: 21    Spells: 10/10 levels left

rFire   + + .      SeeInvis .   p - +1 flail
rCold   . . .      Faith    .   J - +2 buckler
rNeg    + . .      Spirit   .   x - +0 plate armour
rPois   ∞          Reflect  .   v - +0 helmet
rElec   +          Harm     .   d - +1 cloak
rCorr   .          Rampage  .   f - +0 pair of gloves
Will    ++...                   y - +2 pair of boots "Opnomuux" {rF+ rC- Str+2 Dex+8}
Stlth   ..........              (no amulet)
HPRegen 1.22/turn               r - +4 ring of slaying
MPRegen 0.12/turn               l - ring of protection from fire

@: about to teleport, marked, weakened, strong-willed, regenerating, slowed,
studying Stealth, very slow
A: sickness immunity, AC +8, negative energy resistance 1, electricity
resistance, torment resistance 1, petrification resistance, agile 1, cold
resistance 1, robust 1
a: Renounce Religion, Berserk, Trog's Hand, Brothers in Arms


You were on level 9 of the Dungeon.
You worshipped Trog.
Trog was extremely pleased with you.
You visited 1 branch of the dungeon, and saw 9 of its levels.
You also visited: Sewer, Ossuary and Bailey.

You collected 1769 gold pieces.

Inventory:

Hand Weapons
 a - a -1 demon whip of venom
 e - a +1 whip of flaming
 p - a +1 flail (weapon)
Armour
 d - a +1 cloak (worn)
 f - a +0 pair of gloves (worn)
 v - a +0 helmet (worn)
 x - a +0 plate armour (worn)
 y - the +2 pair of boots "Opnomuux" (worn) {rF+ rC- Str+2 Dex+8}
   (You acquired it on level 8 of the Dungeon)

   Str:       It affects your strength (+2).
   Dex:       It affects your dexterity (+8).
   rF:        It protects you from fire.
   rC:        It makes you vulnerable to cold.
 J - a +2 buckler (worn)
Jewellery
 j - a ring of fire
 l - a ring of protection from fire (right hand)
 m - a ring of ice
 r - a +4 ring of slaying (left hand)
 H - a ring of see invisible
Wands
 q - a wand of charming (10)
 K - a wand of acid (13)
Scrolls
 h - a scroll of enchant armour
 i - 3 scrolls of enchant weapon
 k - a scroll of blinking
 n - 2 scrolls of teleportation
 s - 2 scrolls of magic mapping
 w - a scroll of summoning {unknown}
 C - a scroll of fear
 G - a scroll of noise {unknown}
 I - a scroll of poison {unknown}
Potions
 b - a potion of invisibility
 c - 3 potions of mutation
 o - a potion of degeneration {unknown}
 t - 3 potions of haste
 u - a potion of heal wounds {unknown}
 A - 2 potions of flight
 B - 3 potions of might
 D - a potion of cancellation {unknown}
 F - 7 potions of curing


   Skills:
 - Level 7.0 Fighting
 - Level 14.0 Maces & Flails
 + Level 8.1 Armour
 - Level 1.5 Dodging
 - Level 7.0 Shields


You had 10 spell levels left.
You didn't know any spells.
Your spell library was empty.

Dungeon Overview and Level Annotations

Branches:
Dungeon (9/15)             Temple (0/1) D:6            Lair (0/5) D:8
  Sewer (visited)         Ossuary (visited)          Bailey (visited)
    Orc: D:9-12

Altars:
Dithmenos
Elyvilon
Gozag
Kikubaaqudgha
Nemelex Xobeh
Qazlal
Ru
Sif Muna
Zin

Annotations:
D:9 Harold


Innate Abilities, Weirdness & Mutations

You are immune to sickness and miasma.
Your stone body is resilient. (AC +8)
You are immune to poison.
You resist negative energy. (rN+)
You are resistant to electric shocks. (rElec)
You are resistant to unholy torment.
You are immune to petrification.
You are agile. (Dex +4, Str/Int -1)
Your flesh is cold resistant. (rC+)
You are robust. (+10% HP)


Message History

The puff of flame hits you but does no damage.
The wraith hits you but does no damage. The killer bee barely misses you.
Harold hits you from afar with a +3 glaive of venom.
The killer bee stings you but does no damage.
You struggle against the net.
The killer bee stings you but does no damage. x2
The centaur shoots an arrow.
The arrow hits you.
The orange demon stings you but does no damage.
The orange demon hits you but does no damage.
The orc wizard casts a spell at you.
You easily resist.
The wraith hits you but does no damage.
Harold hits you from afar with a +3 glaive of venom.
The killer bee barely misses you. x2
Your skin crawls.
You feel strong-willed.
The centaur shoots an arrow.
The arrow barely misses you.
The arrow hits the killer bee!
The killer bee dies!
The killer bee stings you but does no damage.
The centaur shoots an arrow.
The arrow barely misses you.
The orange demon stings you but does no damage.
The orange demon hits you but does no damage.
The orc priest looks braver for a moment.
The wraith hits you. The wraith drains your vigour!
You feel yourself slow down. The killer bee stings you.
Harold hits you but does no damage.
You shred the net and break free! The killer bee barely misses you.
The killer bee stings you but does no damage.
The orange demon stings you but does no damage.
The orange demon hits you but does no damage.
The orc hits you but does no damage.
The orc priest invokes the aid of Beogh against you.
Beogh smites you!
* * * LOW HITPOINT WARNING * * *
Harold hits you from afar with a +3 glaive of venom!
* * * LOW HITPOINT WARNING * * *
The orc wizard casts a spell at you.
The puff of flame hits you but does no damage.
The wraith hits you!
You die...

.......#.
###.......
#......... .
........
..##..g..#
.......@.#
#..4W?#
..##cg@o#
......oyo#
...##...§.# .
#.....[.
...........
..##.........#
# .....#....#
.....##....#
##...# ....#


You could see Harold, an orange demon, a wraith, a centaur, a killer bee, an orc
priest, an orc wizard, 2 gnolls and an orc.

Vanquished Creatures
  A two-headed ogre (D:8)
  A skeletal warrior (D:8)
  Pikel (D:5)
  An orc knight (Bailey)
  A hornet (D:8)
  Prince Ribbit (D:5)
  The ghost of suipiss the Schismatic, an amateur DsAK of Lugonu (D:5)
  A wyvern (D:8)
  5 wraiths (D:8)
  Eustachio (D:4)
  Menkaure (D:4)
  Duvessa (D:5)
  2 water moccasins
  An ice beast (D:6)
  6 orc warriors
  A sky beast (D:8)
  2 ogres
  4 black bears
  3 kobold brigands
  2 gnoll sergeants
  3 scorpions
  4 wights (D:8)
  Dowan (D:5)
  5 killer bees
  2 jellies
  3 human zombies (Ossuary)
  A gnoll bouda (D:8)
  8 orc priests
  A hound (D:6)
  2 iguanas (D:5)
  Ijyb (D:4)
  8 orc wizards
  A hound zombie (Ossuary)
  4 mummies (Ossuary)
  21 gnolls
  2 river rats (Sewer)
  12 adders
  A shadow imp (D:7)
  4 white imps
  An adder zombie (Ossuary)
  A worm (D:4)
  48 orcs
  8 ball pythons
  4 bats
  9 endoplasms
  3 giant cockroaches
  18 goblins
  9 hobgoblins
  10 jackals
  3 quokkas
  4 frilled lizards
  2 hobgoblin zombies (Ossuary)
  14 kobolds
  2 kobold zombies (Ossuary)
  An orc zombie (Ossuary)
  7 rats
  2 rat zombies (Ossuary)
267 creatures vanquished.

Vanquished Creatures (collateral kills)
  A hydra (D:6)
  Amaemon (D:9)
  A manticore (D:6)
  An acid dragon (D:6)
  An ice beast (D:6)
  2 centaurs (D:6)
  An iguana (D:6)
8 creatures vanquished.

Vanquished Creatures (others)
  A killer bee (D:9)
  20 plants
21 creatures vanquished.

Grand Total: 296 creatures vanquished

Notes
Turn   | Place    | Note
-------+----------+-------------------------------------------
     0 | D:1      | JanusIIV the Gargoyle Berserker began the quest for the
                  | Orb.
     0 | D:1      | Reached XP level 1. HP: 14/14 MP: 1/1
   180 | D:1      | Reached XP level 2. HP: 11/19 MP: 2/2
   776 | D:1      | Reached skill level 4 in Maces & Flails
   870 | D:1      | Reached XP level 3. HP: 19/23 MP: 3/3
  1249 | D:1      | Reached ** piety under Trog
  1671 | D:2      | Found a faded altar of an unknown god.
  1805 | D:2      | Reached XP level 4. HP: 28/28 MP: 4/4
  2621 | D:3      | Reached skill level 5 in Maces & Flails
  2764 | D:3      | Found the +18 Lear's hauberk
  2908 | D:3      | Reached XP level 5. HP: 32/32 MP: 5/5
  3442 | D:4      | Noticed Eustachio
  3443 | D:4      | Found a glowing drain.
  3459 | D:4      | Killed Eustachio
  3460 | D:4      | Reached skill level 6 in Maces & Flails
  3460 | D:4      | Reached XP level 6. HP: 37/37 MP: 6/6
  3464 | D:4      | Reached skill level 7 in Maces & Flails
  3510 | Sewer    | Entered a sewer
  3655 | Sewer    | Reached *** piety under Trog
  3787 | Sewer    | Reached XP level 7. HP: 41/41 MP: 7/7
  4252 | Sewer    | Reached skill level 8 in Maces & Flails
  4546 | D:3      | Gained mutation: You are agile. (Dex +4, Str/Int -1)
                  | [potion of mutation]
  4546 | D:3      | Gained mutation: You are robust. (+10% HP) [potion of
                  | mutation]
  4546 | D:3      | Gained mutation: Your flesh is cold resistant. (rC+)
                  | [potion of mutation]
  4682 | D:4      | Reached skill level 9 in Maces & Flails
  4835 | D:4      | Found a shimmering blue altar of Sif Muna.
  4911 | D:4      | Reached XP level 8. HP: 52/52 MP: 8/8
  4911 | D:4      | Noticed Menkaure
  4912 | D:4      | Noticed Ijyb
  4918 | D:4      | Killed Ijyb
  4922 | D:4      | Killed Menkaure
  4923 | D:4      | Reached skill level 5 in Fighting
  5285 | D:4      | Found a sparkling altar of Nemelex Xobeh.
  5515 | D:4      | Found a sacrificial altar of Ru.
  5571 | D:5      | Entered Level 5 of the Dungeon
  5668 | D:5      | Noticed Dowan
  5668 | D:5      | Noticed Duvessa
  5687 | D:5      | Killed Duvessa
  5690 | D:5      | Killed Dowan
  5749 | D:5      | Reached **** piety under Trog
  5802 | D:5      | Noticed Pikel
  5817 | D:5      | Killed Pikel
  5818 | D:5      | Reached XP level 9. HP: 62/62 MP: 9/9
  5902 | D:5      | Noticed Prince Ribbit
  5916 | D:5      | Killed Prince Ribbit
  5925 | D:5      | Noticed suipiss's ghost (amateur DsAK)
  5999 | D:5      | Found a runed translucent door.
  6069 | D:5      | Found a glowing silver altar of Zin.
  6322 | D:5      | Killed suipiss's ghost
  6393 | D:6      | Reached skill level 5 in Shields
  6503 | D:6      | Found a staircase to the Ecumenical Temple.
  6520 | D:6      | Found a sand-covered staircase.
  6558 | Ossuary  | Entered an ossuary
  6748 | Ossuary  | Identified 2 scrolls of acquirement
  6748 | Ossuary  | Acquired 1118 gold pieces
  7112 | D:6      | Noticed an eight-headed hydra
  7112 | D:6      | Noticed a manticore
  7122 | D:6      | Killed an eight-headed hydra
  7123 | D:6      | Reached skill level 10 in Maces & Flails
  7123 | D:6      | Reached XP level 10. HP: 52/69 MP: 10/10
  7128 | D:6      | Killed a manticore
  7137 | D:6      | Reached skill level 11 in Maces & Flails
  7885 | D:7      | Found a flagged portal.
  7956 | Bailey   | Entered a bailey
  8045 | Bailey   | Noticed an orc knight
  8056 | Bailey   | Reached ***** piety under Trog
  8076 | Bailey   | Killed an orc knight
  8081 | Bailey   | Reached skill level 12 in Maces & Flails
  8293 | Bailey   | Found a large runed translucent door.
  8293 | Bailey   | Found a large runed translucent door.
  8294 | Bailey   | Noticed a deep elf pyromancer
  8439 | D:7      | Found an opulent altar of Gozag.
  8591 | D:7      | Found a shadowy altar of Dithmenos.
  8986 | D:8      | Found the +5 scythe "Finisher" {speed, eviscerate}
  8995 | D:8      | Noticed a skeletal warrior
  9000 | D:8      | Reached XP level 11. HP: 73/73 MP: 11/11
  9019 | D:8      | Reached skill level 13 in Maces & Flails
  9029 | D:8      | Killed a skeletal warrior
  9164 | D:8      | Noticed a two-headed ogre
  9177 | D:8      | Killed a two-headed ogre
  9216 | D:8      | Found a white marble altar of Elyvilon.
  9377 | D:8      | Reached skill level 14 in Maces & Flails
  9511 | D:8      | Found a staircase to the Lair.
  9724 | D:8      | Found a stormy altar of Qazlal.
  9725 | D:8      | Found an ancient bone altar of Kikubaaqudgha.
  9883 | D:8      | Acquired the +2 pair of boots "Opnomuux" {rF+ rC- Str+2
                  | Dex+8}
  9958 | D:9      | Noticed Amaemon
  9969 | D:9      | Killed Amaemon
  9970 | D:9      | Noticed Harold
  9979 | D:9      | Slain by a wraith

Illustrated notes

Levels and vault maps discovered:
D:1:      shiori_arrival_elements, layout_basic
D:2:      layout_basic, ebering_ecumenical_altar_petrified
D:3:      layout_loops_corners
D:4:      layout_cave_pools, nicolae_ru_great_annihilating_truth,
          mainiacjoe_overflow_concentric_impassable, nemelex_dance_club_becter,
          cheibrodos_sewer_entry_drain, minmay_misc_feat_alley,
          guppyfry_early_orc_mine, uniq_ijyb, uniq_menkaure, uniq_eustachio
D:5:      nicolae_cairo_tiling_large, layout_cave_pools, zin_treasury,
          hellmonk_ghost_happy_afterlife, minmay_door_square, hex_tiny,
          uniq_prince_ribbit1, uniq_duvessa, uniq_pikel
D:6:      layout_layer_cave, minmay_temple_entry_statues_pillars,
          enter_ossuary_1, minmay_manual_moon
D:7:      layout_loops_cross, kennysheep_mini_moat,
          nicolae_gozag_cash_rules_everything_around_me, enter_bailey_5,
          kennysheep_dice
D:8:      layout_rooms, amcnicky_altar_gilded, gammafunk_temple_overflow_pools,
          dpeg_oklobed_lair, chequers_serial_rivers_large_b,
          serial_park_tiny_pond, minmay_guarded_unrand_finisher
D:9:      cheibrodos_grave_circle, layout_cave_pools, hangedman_corner_corridor,
          uniq_harold, uniq_amaemon, uniq_psyche

Skill      XL: |  1  2  3  4  5  6  7  8  9 10 11 |
---------------+----------------------------------+-----
Maces & Flails | 4 5 6 7 9 10 12 14 | 14.0
Fighting       | 4 7 |  7.0
Armour         | 6 7 8 |  8.1
Shields        | 7 |  7.0
Dodging        | |  1.5

Action                   |  1- 3 |  4- 6 |  7- 9 | 10-12 || total
-------------------------+-------+-------+-------+-------++-------
Melee: Mace              |   114 |    42 |       |       ||   156
       Flail             |       |    82 |   356 |   309 ||   747
       Punch             |       |     2 |     2 |       ||     4
Invok: Berserk           |       |     2 |     4 |     4 ||    10
       Brothers in Arms  |       |       |     1 |     1 ||     2
       Trog's Hand       |       |       |       |     1 ||     1
Evoke: Wand              |       |       |     1 |       ||     1
  Use: Scroll            |       |       |    18 |     6 ||    24
       Potion            |       |       |     1 |       ||     1
 Stab: Paralysed         |       |       |     1 |       ||     1
Armor: Animal skin       |     9 |       |       |       ||     9
       Leather armour    |    61 |    10 |       |       ||    71
       Chain mail        |       |    60 |   284 |   147 ||   491
       Plate armour      |       |       |       |    48 ||    48
Dodge: Dodged            |    65 |    58 |   165 |    84 ||   372
Block: Buckler           |       |       |   101 |   110 ||   211
